 Dungeon Crawl Stone Soup version 0.29-a0-284-gf9362112df (webtiles) character file.

Game seed: 15864055711776013427

46 sokol815 the Skirmisher (level 3, -1/29 HPs)
             Began as a Demonspawn Monk on Mar 25, 2022.
             Was an Initiate of Ashenzari.
             Slain by an orc
             ... wielding a +1 hand axe of venom
              (5 damage)
             ... on level 2 of the Dungeon.
             The game lasted 00:05:25 (1559 turns).

sokol815 the Skirmisher (Demonspawn Monk)           Turns: 1559, Time: 00:05:25

Health: -1/29      AC:  5    Str: 11    XL:     3   Next: 44%
Magic:  3/3        EV: 12    Int: 13    God:    Ashenzari [......]
Gold:   63         SH:  0    Dex: 15    Spells: 2/2 levels left

rFire   . . .      SeeInvis .   c - staff of poison {rPois}
rCold   . . .      Faith    .   (no shield)
rNeg    . . .      Spirit   .   j - +2 leather armour {Will+}
rPois   +          Reflect  .   (no helmet)
rElec   .          Harm     .   (no cloak)
rCorr   .          Rampage  .   (no gloves)
Will    +....                   (no boots)
Stlth   ++........              (no amulet)
HPRegen 0.09/turn               (no ring)
MPRegen 0.08/turn               (no ring)

@: lethally poisoned (-1 -> -10)
A: powered by pain 1, weakness stinger 1
a: Renounce Religion, Curse Item


You were on level 2 of the Dungeon.
You worshipped Ashenzari.
Ashenzari was noncommittal.
You visited 1 branch of the dungeon, and saw 2 of its levels.

You collected 63 gold pieces.

Inventory:

Hand Weapons
 a - a +0 hand axe
Missiles
 s - 37 stones
Armour
 b - a +0 robe
 f - a +0 ring mail
   (You found it on level 1 of the Dungeon)
 j - a +2 leather armour of willpower (worn)
   (You found it on level 2 of the Dungeon)
Magical Staves
 c - a staff of poison (weapon) {rPois}
   (You found it on level 1 of the Dungeon)
Jewellery
 k - the ring "Logy" {rCorr Dex+3}
   (You found it on level 2 of the Dungeon)

   [ring of resist corrosion]

   Dex:       It affects your dexterity (+3).
   rCorr:     It protects you from acid and corrosion.
Scrolls
 d - 2 scrolls of identify {unknown}
 h - a scroll of blinking {unknown}
 i - a scroll of teleportation {unknown}
Potions
 e - 3 potions of mutation {unknown}
 g - a potion of flight {unknown}
 G - a potion of ambrosia {!q}


   Skills:
 - Level 3.0 Fighting
 - Level 2.9 Axes
 + Level 1.2 Staves
 - Level 2.6 Dodging
 - Level 1.7 Stealth
 * Level 2.4 Poison Magic


You had 2 spell levels left.
You didn't know any spells.
Your spell library contained the following spells:

 Spells                   Type           Power      Damage    Failure   Level
 Sublimation of Blood     Necr           0%         N/A       52%         2
 Wereblood                Tmut           0%         N/A       52%         2
 Ignite Poison            Fire/Tmut/Pois 3%         N/A       65%         3
 Conjure Flame            Conj/Fire      0%         6-21      77%         3
 Sticky Flame             Conj/Fire      0%         2d3       99%         4
 Summon Hydra             Summ           0%         N/A       100%        7


Dungeon Overview and Level Annotations

Branches:
Dungeon (2/15)

Altars:
Ashenzari


Innate Abilities, Weirdness & Mutations

You sometimes gain a little power by taking damage.
You have a small tail.


Message History

The quokka bites you.
You take 3 damage, and have 22/29 hp.
You miss the quokka. The quokka closely misses you.
You barely miss the frilled lizard. The quokka barely misses you.
The frilled lizard misses you. The quokka closely misses you.
You hit the frilled lizard. The quokka bites you.
The frilled lizard closely misses you.
You take 3 damage, and have 20/29 hp.
You hit the frilled lizard.
The quokka bites you but does no damage.
The frilled lizard bites you but does no damage.
You closely miss the frilled lizard. The quokka closely misses you.
The frilled lizard closely misses you. The quokka bites you.
You take 2 damage, and have 18/29 hp.
You barely miss the frilled lizard.
The frilled lizard bites you but does no damage.
The quokka bites you.
You take 3 damage, and have 15/29 hp.
You are too injured to fight recklessly!
You are too injured to fight recklessly!
You miss the frilled lizard. The quokka closely misses you.
The frilled lizard barely misses you.
You barely miss the frilled lizard. The quokka misses you.
The frilled lizard barely misses you.
The quokka bites you but does no damage.
The frilled lizard bites you.
You take 3 damage, and have 12/29 hp.
You closely miss the frilled lizard. The quokka bites you.
The frilled lizard misses you.
You take 1 damage, and have 11/29 hp.
You hit the frilled lizard.
You kill the frilled lizard!
The quokka misses you. The quokka barely misses you.
You hit the quokka. The quokka barely misses you.
You hit the quokka. You tail-slap the quokka.
You kill the quokka!
You start resting.
A worm comes into view.
You regained 13 hp, and now have 25/29 hp.
A bat comes into view.
You hit the worm. You tail-slap the worm. The bat barely misses you.
The worm closely misses you.
You hit the worm but do no damage. The bat closely misses you.
The worm bites you but does no damage.
You hit the worm. The bat hits you but does no damage.
The worm closely misses you.
You hit the worm. You tail-slap the worm. The bat hits you but does no damage.
You hit the worm but do no damage. The bat hits you but does no damage.
The worm bites you!
You take 9 damage, and have 17/29 hp.
MASSIVE DAMAGE!!
You are too injured to fight recklessly!
You hit the worm but do no damage.
Your tail-slap misses the worm.
The bat barely misses you. The worm bites you but does no damage.
You hit the worm. The bat hits you but does no damage.
You hit the worm.
You envenom the worm.
You kill the worm!
The bat misses you.
You are too injured to fight recklessly!
You are too injured to fight recklessly!
You are too injured to fight recklessly!
You hit the bat.
You envenom the bat.
You kill the bat!
Okay, then.
You open the door.
An orc comes into view. It is wielding a +1 hand axe of venom.
Health restored: 29
There is an open door here.
The orc shouts!
You hear a shout!
You hear an angry hiss.
A kobold comes into view. It is wielding a +0 dagger.
You hit the orc.
An adder comes into view.
The orc barely misses you.
The orc hits you with a +1 hand axe of venom.
You take 6 damage, and have 23/29 hp.
MASSIVE DAMAGE!!
You hit the orc but do no damage. The orc misses you.
You hit the orc but do no damage. The orc barely misses you.
You barely miss the orc.
The orc hits you with a +1 hand axe of venom.
You take 6 damage, and have 17/29 hp.
MASSIVE DAMAGE!!
You hit the orc but do no damage. The orc closely misses you.
You closely miss the orc.
Your tail-slap misses the orc.
The orc hits you with a +1 hand axe of venom!
You are poisoned.
You take 7 damage, and have 10/29 hp.
MASSIVE DAMAGE!!
You hit the orc but do no damage.
You tail-slap the orc, but do no damage.
You feel sick.
The orc hits you with a +1 hand axe of venom.
* * * LOW HITPOINT WARNING * * *
You are lethally poisoned!
You take 3 damage, and have 7/29 hp.
You hit the orc but do no damage.
* * * LOW HITPOINT WARNING * * *
You feel very sick.
The orc hits you with a +1 hand axe of venom.
You die...

#.#.........†.....#
####.#...............#
#....###÷............#
#.###..............###
#...#÷.##..........#
###.#..##..........#
#....##...........)
#....###'#####......
#....# #@# .....)
#####....###o# ....)
#..........KS# .#
#.###....#....
#...........
#.#<..##.....
#.#.......... #
##.#.#...... #.#.# ...


You could see an adder, an orc and a kobold.

Vanquished Creatures
  A worm (D:2)
  2 dart slugs
  2 endoplasms (D:1)
  A giant cockroach (D:1)
  3 goblins (D:1)
  6 hobgoblins (D:1)
  4 quokkas
  4 ball pythons
  4 bats
  A frilled lizard (D:2)
  2 kobolds (D:1)
  6 rats (D:1)
36 creatures vanquished.

Notes
Turn   | Place    | Note
-------+----------+-------------------------------------------
     0 | D:1      | sokol815 the Demonspawn Monk began the quest for the Orb.
     0 | D:1      | Reached XP level 1. HP: 18/18 MP: 1/1
   171 | D:1      | Reached skill level 1 in Poison Magic
   171 | D:1      | Gained mutation: You sometimes gain a little power by
                  | taking damage. [demonic ancestry]
   171 | D:1      | Reached XP level 2. HP: 20/24 MP: 2/2
   444 | D:1      | Found a faded altar of an unknown god.
   462 | D:1      | Prayed at the altar of an unknown god.
   462 | D:1      | Became a worshipper of Ashenzari the Shackled
   925 | D:1      | Reached skill level 1 in Staves
   999 | D:1      | Reached skill level 2 in Poison Magic
  1003 | D:1      | Gained mutation: You have a small tail. [demonic ancestry]
  1003 | D:1      | Reached XP level 3. HP: 28/29 MP: 3/3
  1231 | D:2      | Identified the ring "Logy" {rCorr Dex+3}
  1558 | D:2      | HP: 7/29 [orc/+1 hand axe of venom (1)]
  1559 | D:2      | Slain by an orc

Illustrated notes

Levels and vault maps discovered:
D:1:      minmay_arrival_open_corners, layout_loops_cross,
          ebering_ecumenical_altar_ruins, minivault_24
D:2:      layout_basic, minmay_pentomino_v2, uniq_crazy_yiuf_cottage

Skill      XL: |  1  2 |
---------------+-------+-----
Poison Magic   | 1 2 |  2.4
Staves         | 1 |  1.2
Fighting       | |  3.0
Axes           | |  2.9
Dodging        | |  2.6
Stealth        | |  1.7

Action                   || total
-------------------------++-------
Melee: Staff             ||   138
       Hand axe          ||     5
       Punch             ||     1
       Tailslap          ||     8
Throw: Stone             ||    27
 Stab: Sleeping          ||     2
Armor: Ring mail         ||    49
       Leather armour    ||    13
Dodge: Dodged            ||    83

Table legend: (Time is in decaauts)
 A = Elapsed time spent in this place.
 B = Non-inter-level travel time spent in this place.
 C = Inter-level travel time spent in this place.
 D = Time resting spent in this place.
 E = Time spent auto-exploring this place.
 F = Levels seen in this place.
 G = Mean time per level.
                   A        B        C        D        E       F      G
               +--------+--------+--------+--------+--------+-----+--------+
         Total |   1583 |   1560 |     23 |    166 |    954 |   2 |  791.5 |
       Dungeon |   1583 |   1560 |     23 |    166 |    954 |   2 |  791.5 |
               +--------+--------+--------+--------+--------+-----+--------+

Top non-repeatable levels by time:
     D:1: 1212 daAuts
     D:2: 370 daAuts

Table legend:
 A = Kills in this place as a percentage of kills in entire the game.
 B = Kills by you in this place as a percentage of kills by you in the entire game.
 C = Kills by friends in this place as a percentage of kills by friends in the entire game.
 D = Other kills in this place as a percentage of other kills in the entire game.
 E = Experience gained in this place as a percentage of experience gained in the entire game.
 F = Experience gained in this place divided by the number of levels of this place that you have seen.
                   A       B       C       D       E      F
               +-------+-------+-------+-------+-------+----------------------
         Total | 100.0 | 100.0 |   N/A |   N/A | 100.0 |  33.0
       Dungeon | 100.0 | 100.0 |   N/A |   N/A | 100.0 |  33.0
               +-------+-------+-------+-------+-------+----------------------
